 Dungeon Crawl Stone Soup version 0.18.1-8-gdd0e5ea (webtiles) character file.

205 Kri the Digger (level 5, -4/28 HPs)
             Began as a Gargoyle Earth Elementalist on May 22, 2016.
             Slain by a gnoll
             ... wielding a +0 flail
              (7 damage)
             ... on level 2 of the Dungeon.
             The game lasted 00:03:59 (734 turns).

Kri the Digger (Gargoyle Earth Elementalist)         Turns: 734, Time: 00:04:00

Health: -4/28      AC:  6    Str: 11    XL:     5   Next: 83%
Magic:  4/11       EV: 12    Int: 17    God:
Gold:   30         SH:  0    Dex: 10    Spells: 3 memorised, 3 levels left

rFire  . . .     SeeInvis .     m - +0 whip
rCold  . . .     Gourm    .     a - +0 robe
rNeg   + . .     Faith    .     (no shield)
rPois  ∞         Spirit   .     (no helmet)
rElec  +         Dismiss  .     (no cloak)
rCorr  .         Reflect  .     (no gloves)
SustAt .         Harm     .     (no boots)
MR     .....                    (no amulet)
Stlth  ++........               (no ring)
                                k - +5 ring of slaying

@: flying, not resistant to hostile enchantments, unstealthy
A: negative energy resistance 1, electricity resistance, unbreathing,
petrification resistance, rot immunity, AC +4
a: no special abilities


You were on level 2 of the Dungeon.
You were not hungry.

You visited 1 branch of the dungeon, and saw 2 of its levels.

You collected 30 gold pieces.

Inventory:

Hand Weapons
 h - a +0 club
 i - a +0 hand axe
 m - a +0 whip (weapon)
Missiles
 b - 27 stones (quivered)
Armour
 a - a +0 robe (worn)
Jewellery
 k - a +5 ring of slaying (left hand)
Scrolls
 g - a scroll of identify {unknown}
 j - a scroll of fear {unknown}
 l - a scroll of random uselessness {unknown}
 o - a scroll of enchant weapon {unknown}
 q - a scroll of enchant armour {unknown}
 r - a scroll of magic mapping {unknown}
Potions
 e - a potion of lignification {unknown}
 n - a potion of flight
Books
 c - a book of Geomancy

   Spells                             Type                      Level
   a - Sandblast                      Earth                        1
   b - Passwall                       Transmutation/Earth          2
   c - Stone Arrow                    Conjuration/Earth            3
   d - Petrify                        Transmutation/Earth          4
   e - Lee's Rapid Deconstruction     Earth                        5
Comestibles
 d - 2 bread rations
 f - 13 chunks of flesh
 p - 3 fruits


   Skills:
 - Level 1.5 Dodging
 - Level 2.1 Stealth
 * Level 4.4 Spellcasting
 + Level 0.2 Conjurations
   Level 0.7 Transmutations
 + Level 5.3 Earth Magic


You had 3 spell levels left.
You knew the following spells:

 Your Spells              Type           Power        Failure   Level  Hunger
a - Sandblast             Erth           ###...       1%          1    None
b - Stone Arrow           Conj/Erth      ##....       17%         3    ###....
c - Lee's Rapid Deconstr  Erth           ###.......   58%         5    ######.


Dungeon Overview and Level Annotations

Branches:
Dungeon (1/15)

Altars:


Innate Abilities, Weirdness & Mutations

You are resistant to torment.
Your stone body is resilient (AC +4).
You are immune to poison.
You resist negative energy.
You are resistant to electric shocks.
You can survive without breathing.
You are immune to petrification.
You are immune to rotting.


Message History

The gnoll barely misses you.
You whack the gnoll!
The gnoll is severely wounded.
The gnoll hits you from afar with a spear.
The gnoll closely misses you.
You barely miss the gnoll.
The gnoll is severely wounded.
The gnoll barely misses you. The goblin hits you.
You hit the gnoll.
The gnoll is almost dead.
The gnoll hits you with a flail!
* * * LOW HITPOINT WARNING * * *
The gnoll hits you from afar with a spear.
* * * LOW HITPOINT WARNING * * *
The goblin barely misses you.
Drink which item? (? for menu, Esc to quit)
It was a potion of flight.
You feel very buoyant.
You fly up into the air.
The gnoll hits you with a flail!
You die...

.... #......###
............ #.........
...........# #.........
...........# #......###
..........### #......#..
#..........###......#.#
#........#.gg.....#.#.#
#....g...##########÷#.#
#.....@gg..†..........÷
........############...##
..####... +..... #.###
#...## #. #...# #. #####
#. #.


You could see 2 gnolls and a goblin.

Vanquished Creatures
  Sigmund (D:2)
  2 gnolls (D:2)
  An adder (D:2)
  A dart slug (D:2)
  A ball python (D:1)
  A bat (D:2)
  A giant cockroach (D:1)
  2 hobgoblins (D:1)
  6 jackals
  A giant newt (D:2)
  2 kobolds (D:1)
  4 rats
23 creatures vanquished.

Notes
Turn   | Place    | Note
--------------------------------------------------------------
     0 | D:1      | Kri the Gargoyle Earth Elementalist began the quest for the Orb.
     0 | D:1      | Reached XP level 1. HP: 10/10 MP: 3/3
   132 | D:1      | Reached skill level 4 in Earth Magic
   132 | D:1      | Reached XP level 2. HP: 15/15 MP: 0/5
   350 | D:1      | You fall through a shaft!
   415 | D:2      | Noticed Sigmund
   425 | D:2      | Killed Sigmund
   425 | D:2      | Reached skill level 5 in Earth Magic
   425 | D:2      | Reached XP level 3. HP: 18/19 MP: 5/8
   425 | D:2      | Reached XP level 4. HP: 23/24 MP: 6/10
   425 | D:2      | Reached XP level 5. HP: 27/28 MP: 6/11
   610 | D:2      | Learned a level 3 spell: Stone Arrow
   616 | D:2      | Learned a level 5 spell: Lee's Rapid Deconstruction
   734 | D:2      | Slain by a gnoll

Skill      XL: |  1  2 |
---------------+-------+-----
Earth Magic    | 4 5 |  5.3
Spellcasting   | 4 |  4.4
Dodging        | |  1.5
Stealth        | |  2.1
Conjurations   | |  0.2
Transmutations | |  0.7

Action                   |  1- 3 |  4- 6 || total
-------------------------+-------+-------++-------
Melee: Whip              |    11 |    36 ||    47
       Hand axe          |     1 |       ||     1
 Cast: Sandblast         |    12 |       ||    12
       Stone Arrow       |       |     3 ||     3
  Use: Potion            |     1 |     1 ||     2
Armor: Robe              |     1 |    16 ||    17
Dodge: Dodged            |     6 |    32 ||    38
